[Event "ICCopen2017"]
[Site "Internet Chess Club"]
[Date "2017.04.02"]
[Round "10"]
[White "marabu"]
[Black "Chaos23"]
[Result "1-0"]
[ICCResult "Black resigns"]
[WhiteElo "2105"]
[BlackElo "1893"]
[Opening "Nimzovich-Larsen attack: modern variation"]
[ECO "A01"]
[NIC "VO.08"]
[Time "20:56:10"]
[TimeControl "180+0"]

1. b3 e5 2. Bb2 Nc6 3. e3 Nf6 4. Bb5 Bd6 5. Na3 a6 6. Bxc6 dxc6 7. Nc4 Qe7
8. Ne2 Bg4 9. f3 Bh5 10. O-O O-O 11. Ng3 Bg6 12. Nxd6 cxd6 13. f4 h6 14. f5
Bh7 15. e4 d5 16. d3 dxe4 17. dxe4 Qc5+ 18. Kh1 Rad8 19. Qe2 Rd7 20. Rad1
Rfd8 21. Rxd7 Rxd7 22. Rd1 Qe7 23. h3 Rxd1+ 24. Qxd1 Ne8 25. Qd3 f6 26. Qc4+
Kf8 27. Bc3 Bg8 28. Qa4 c5 29. Qa3 Bf7 30. Qc1 Qd6 31. Qd2 Qxd2 32. Bxd2 Nd6
33. Kg1 Be8 34. Kf2 c4 35. Bb4 Ke7 36. bxc4 Bf7 37. c5 Nxe4+ 38. Nxe4 Kd7
39. a3 Ba2 40. Ke3 Kc6 41. g4 Bc4 42. Nd2 Ba2 43. h4 Bf7 44. Ba5 Kxc5 45.
Bd8 g6 46. Bxf6 gxf5 47. gxf5 Kd5 48. Bg7 h5 49. Ne4 b5 50. Bf8 a5 51. Be7
Be8 52. f6 Bf7 53. Ng5 Bg6 54. f7 Bxf7 55. Nxf7 Ke6 56. Bd8 b4 57. Ng5+ Kd7
58. Bf6 bxa3 59. Bxe5 {Black resigns} 1-0

[Event "ICCopen2017"]
[Site "Internet Chess Club"]
[Date "2017.04.02"]
[Round "10"]
[White "alejandrorios"]
[Black "sacov"]
[Result "1-0"]
[ICCResult "Black checkmated"]
[WhiteElo "2147"]
[BlackElo "2167"]
[Opening "Scandinavian: Marshall variation"]
[ECO "B01"]
[NIC "SD.03"]
[Time "20:55:52"]
[TimeControl "180+0"]

1. e4 d5 2. exd5 Nf6 3. d4 Nxd5 4. c4 Nb6 5. Nc3 e5 6. d5 Bb4 7. Ne2 O-O 8.
a3 Bxc3+ 9. Nxc3 c6 10. Be3 cxd5 11. cxd5 Bf5 12. Qd2 N8d7 13. Be2 Rc8 14.
O-O Nc4 15. Bxc4 Rxc4 16. Rfd1 b6 17. d6 Rg4 18. f3 Rg6 19. Rac1 Bh3 20. g3
Qa8 21. Qe2 h5 22. Nb5 h4 23. Bf2 hxg3 24. hxg3 Rh6 25. Nc7 Qb7 26. Nd5 Be6
27. Rc7 Qa8 28. Ne7+ Kh8 29. Be3 Rh3 30. Kg2 e4 31. f4 Rh7 32. f5 Bb3 33.
Rh1 Rxh1 34. Kxh1 Nf6 35. Qh2+ Nh7 36. Bd4 e3+ 37. Qg2 e2 38. Bc3 Ng5 39.
Qxa8 Rxa8 40. Kg2 Rd8 41. d7 Kh7 42. Kf2 Ne4+ 43. Kxe2 Nf6 44. Bxf6 gxf6 45.
Nc6 Rg8 46. Rc8 Rxg3 47. d8=Q Kh6 48. Qxf6+ Kh5 49. Rh8+ Kg4 50. Rh4#
{Black checkmated}
1-0

[Event "ICCopen2017"]
[Site "Internet Chess Club"]
[Date "2017.04.02"]
[Round "10"]
[White "TaijiChess22"]
[Black "kaimann"]
[Result "0-1"]
[ICCResult "White checkmated"]
[WhiteElo "1779"]
[BlackElo "1900"]
[Opening "Alekhine's defense: two pawns' (Lasker's) attack"]
[ECO "B02"]
[NIC "AL.10"]
[Time "20:55:06"]
[TimeControl "180+0"]

1. e4 Nf6 2. e5 Nd5 3. c4 Nb6 4. c5 Nd5 5. Nc3 c6 6. Nxd5 cxd5 7. d4 d6 8.
cxd6 exd6 9. Nf3 dxe5 10. Nxe5 Nc6 11. Nxc6 bxc6 12. Be2 Bb4+ 13. Bd2 Qa5
14. Bxb4 Qxb4+ 15. Qd2 Qxd2+ 16. Kxd2 O-O 17. Rac1 Bd7 18. Rc5 Rab8 19. b3
Rfe8 20. Rhc1 Kf8 21. Bd3 Ke7 22. Kc3 Kd6 23. b4 Rec8 24. a4 g6 25. Kb3 a5
26. Rxa5 Re8 27. Rac5 f5 28. a5 Ra8 29. a6 Reb8 30. Ra1 Rb6 31. a7 Rb7 32.
Rca5 Kc7 33. Kc3 Rb6 34. f4 Kb7 35. g3 Kc7 36. Re1 Kd6 37. Rb1 Rb7 38. Rba1
Kc7 39. Bc2 Kb6 40. Ra6+ Kc7 41. h4 h5 42. R6a5 Kb6 43. Bd3 Raxa7 44. Rxa7
Rxa7 45. Rxa7 Kxa7 46. Kb3 Kb6 47. Kc3 Be6 48. Kd2 Bc8 49. Ke3 Ba6 50. Bc2
Bc4 51. g4 hxg4 52. h5 gxh5 53. Bxf5 g3 54. Bh3 Kc7 55. f5 Kd6 56. Kf3 h4
57. Kg4 Bd3 58. Kxh4 Bxf5 59. Bg2 Be4 60. Kxg3 Bxg2 61. Kxg2 Kc7 62. Kf3 Kb6
63. Ke3 Kb5 64. Kd3 Kxb4 65. Kc2 Kc4 66. Kd2 Kxd4 67. Kc2 c5 68. Kd2 c4 69.
Ke2 c3 70. Kd1 Kc4 71. Kc2 d4 72. Kd1 d3 73. Kc1 Kd4 74. Kd1 Ke3 75. Ke1 c2
76. Kf1 c1=Q+ 77. Kg2 Qe1 78. Kh3 Qg1 79. Kh4 d2 80. Kh5 d1=Q+ 81. Kh6 Qd6+
82. Kh7 Qdh2# {White checkmated} 0-1

[Event "ICCopen2017"]
[Site "Internet Chess Club"]
[Date "2017.04.02"]
[Round "10"]
[White "rugsy"]
[Black "bhaiju"]
[Result "1-0"]
[ICCResult "Black forfeits on time"]
[WhiteElo "1444"]
[BlackElo "1708"]
[Opening "Sicilian: Alapin's variation (2.c3)"]
[ECO "B22"]
[NIC "SI.46"]
[Time "20:55:13"]
[TimeControl "180+0"]

1. e4 c5 2. c3 Nc6 3. d4 cxd4 4. cxd4 d6 5. d5 Ne5 6. Nc3 Ng6 7. Bb5+ Bd7 8.
Qa4 Nf6 9. Bg5 Bxb5 10. Qxb5+ Qd7 11. Bxf6 gxf6 12. Rc1 Rc8 13. Nge2 Bh6 14.
Qxd7+ Kxd7 15. Rc2 Rc4 16. O-O Rhc8 17. f3 Ne5 18. f4 Ng4 19. Rf3 Rxe4 20.
h3 f5 21. hxg4 fxg4 22. Rg3 Bxf4 23. Nxf4 Rxf4 24. Rf2 Rxf2 25. Kxf2 h5 26.
Ke3 Rc4 27. Kd3 Rf4 28. Nb5 Rf2 29. Kc3 a6 30. Nd4 e5 31. dxe6+ fxe6 32. a4
e5 33. Nc2 Ke6 34. b4 d5 35. b5 axb5 36. axb5 d4+ 37. Kb3 Kd5 38. Nb4+ Kc5
39. Nd3+ Kxb5 40. Nxf2 Kc5 41. Nxg4 hxg4 42. Rxg4 Kd5 43. Rg5 d3 44. Kc3 Ke4
45. Kd2 Kd4 46. Rg3 e4 47. Rxd3+ {Black forfeits on time} 1-0

[Event "ICCopen2017"]
[Site "Internet Chess Club"]
[Date "2017.04.02"]
[Round "10"]
[White "Barbos"]
[Black "tigerr"]
[Result "0-1"]
[ICCResult "White forfeits on time"]
[WhiteElo "2454"]
[BlackElo "2319"]
[Opening "Catalan: closed"]
[ECO "E01"]
[NIC "CA.01"]
[Time "20:55:10"]
[TimeControl "180+0"]

1. d4 Nf6 2. c4 e6 3. g3 d5 4. Bg2 Bb4+ 5. Nd2 O-O 6. Nf3 dxc4 7. Qc2 b5 8.
a4 Ba6 9. axb5 Bxb5 10. O-O c5 11. dxc5 Nc6 12. Nxc4 Bxc5 13. Na3 Bxa3 14.
bxa3 Rc8 15. Qb2 Bc4 16. Bg5 h6 17. Rfd1 Qe7 18. Bxf6 Qxf6 19. Qxf6 gxf6 20.
e3 Kg7 21. Rac1 Be2 22. Re1 Bd3 23. Red1 Be2 24. Re1 Ba6 25. Nd4 Nxd4 26.
exd4 Rxc1 27. Rxc1 Rd8 28. Rd1 Bc4 29. f4 f5 30. Kf2 Rb8 31. Rd2 Rb3 32. Rc2
Bd3 33. Ra2 Bb1 34. Ra1 Rb2+ 35. Kg1 Kf6 36. d5 e5 37. fxe5+ Kxe5 38. Bf3
Be4 39. Re1 Kxd5 40. Bh5 f6 41. Re2 Rb1+ 42. Kf2 Kd4 43. Rd2+ Kc3 44. Rd7
Rb2+ 45. Ke3 Rxh2 46. Bf7 a5 47. Ra7 Rg2 48. Rxa5 Rxg3+ 49. Kf2 Rf3+ 50. Ke2
f4 51. Ra4 Re3+ 52. Kf2 Kd2 53. Rd4+ Kc3 54. Rd6 Rd3 55. Rxf6 f3 56. Rf4
Rd2+ 57. Ke1 Kd3 58. Bg6 Re2+ 59. Kf1 Bxg6 60. Rxf3+ Re3 61. Rf6 Bh5 62.
Rd6+ Kc2 63. Rxh6 Be2+ 64. Kf2 Re8 65. Rh2 Bb5 66. Kf3+ Kb3
{White forfeits on time}
0-1

[Event "ICCopen2017"]
[Site "Internet Chess Club"]
[Date "2017.04.02"]
[Round "10"]
[White "Mysterious17"]
[Black "BronStorm"]
[Result "1-0"]
[ICCResult "Black resigns"]
[WhiteElo "1663"]
[BlackElo "1884"]
[Opening "French: Winawer (Nimzovich) variation"]
[ECO "C15"]
[NIC "FR.08"]
[Time "20:56:11"]
[TimeControl "180+0"]

1. e4 e6 2. d4 d5 3. Nc3 Bb4 4. Qd3 Nf6 5. e5 Nfd7 6. Qg3 Kf8 7. a3 Be7 8.
Nf3 h6 9. Be2 a6 10. b4 b6 11. O-O c5 12. b5 axb5 13. Bxb5 Ba6 14. Be3 cxd4
15. Bxa6 Rxa6 16. Nxd4 Nc5 17. f4 g6 18. Rad1 Rxa3 19. Ncb5 Ne4 20. Qh3 Ra4
21. Nxe6+ fxe6 22. Qxe6 Kg7 23. f5 Qe8 24. f6+ Bxf6 25. exf6+ Kh7 26. Qxd5
Nxf6 27. Qb3 Ng4 28. Rf7+ Kg8 29. Rb7+ Kf8 30. Rf1+ {Black resigns} 1-0

[Event "ICCopen2017"]
[Site "Internet Chess Club"]
[Date "2017.04.02"]
[Round "10"]
[White "nekochabo"]
[Black "Eloist"]
[Result "1-0"]
[ICCResult "Black forfeits on time"]
[WhiteElo "2659"]
[BlackElo "2186"]
[Opening "French: Steinitz, Boleslavsky variation"]
[ECO "C11"]
[NIC "FR.04"]
[Time "20:55:28"]
[TimeControl "180+0"]

1. e4 e6 2. d4 d5 3. Nc3 Nf6 4. e5 Nfd7 5. f4 c5 6. Nf3 Nc6 7. Be3 a6 8. Qd2
b5 9. dxc5 Bxc5 10. Bd3 Qb6 11. Bf2 Bb7 12. a3 O-O 13. O-O f6 14. exf6 Nxf6
15. Bxc5 Qxc5+ 16. Kh1 b4 17. axb4 Qxb4 18. Rae1 Rfe8 19. Ng5 Qd6 20. Qf2 h6
21. Qh4 Nb4 22. Nf3 Nxd3 23. cxd3 d4 24. Ne4 Nxe4 25. dxe4 d3 26. Nd2 Rac8
27. Re3 Rc2 28. Rd1 Qd4 29. Qg3 Rxd2 30. Rxd2 Bxe4 31. Qe1 Bf5 32. g4 Bxg4
33. Rdxd3 Qxb2 34. h3 Bf5 35. Rd7 Qb5 36. Rc7 Qd5+ 37. Kh2 Rb8 38. Qc3 e5
39. Rxe5 Qa2+ 40. Kg3 Rb3 41. Rxf5 Rxc3+ 42. Rxc3 Qd2 43. Rc8+ Kh7 44. Re5
Qd7 45. Rce8 Qd3+ 46. Re3 Qd7 47. R8e5 a5 48. f5 {Black forfeits on time}
1-0

[Event "ICCopen2017"]
[Site "Internet Chess Club"]
[Date "2017.04.02"]
[Round "10"]
[White "LevAbramovich"]
[Black "kamalchandran"]
[Result "0-1"]
[ICCResult "White checkmated"]
[WhiteElo "2043"]
[BlackElo "1857"]
[Opening "Ruy Lopez: open (Tarrasch) defense"]
[ECO "C80"]
[NIC "RL.27"]
[Time "20:56:19"]
[TimeControl "180+0"]

1. e4 e5 2. Nf3 Nc6 3. Bb5 a6 4. Ba4 Nf6 5. O-O Nxe4 6. Re1 Nc5 7. Nxe5 Nxe5
8. Rxe5+ Be7 9. Qg4 O-O 10. Rh5 d6 11. Qb4 a5 12. Qa3 Bg4 13. Rd5 c6 14. Rd4
Bf5 15. Qf3 Bg6 16. c3 Bf6 17. Rf4 Bg5 18. Rd4 Re8 19. h4 Bxh4 20. g3 Bf6
21. Rf4 Re1+ 22. Kg2 Rxc1 23. Bb3 Nxb3 24. axb3 Rxb1 25. Raa4 b5 26. Ra2 Qe7
27. Qxc6 Re8 28. Qxb5 Qe1 29. Kf3 Bh5+ 30. g4 Qh1+ 31. Kg3 Bh4#
{White checkmated}
0-1

[Event "ICCopen2017"]
[Site "Internet Chess Club"]
[Date "2017.04.02"]
[Round "10"]
[White "fredx"]
[Black "jeffers9"]
[Result "0-1"]
[ICCResult "White forfeits on time"]
[WhiteElo "1035"]
[BlackElo "1373"]
[Opening "KP: Indian opening"]
[ECO "A00"]
[NIC "VO.13"]
[Time "20:56:11"]
[TimeControl "180+0"]

1. d3 e5 2. e4 d5 3. exd5 Qxd5 4. Nc3 Qd8 5. Nf3 Nc6 6. Bg5 Nf6 7. Ne4 Be7
8. Bxf6 gxf6 9. Ng3 O-O 10. Be2 Kh8 11. O-O f5 12. c3 Be6 13. d4 exd4 14.
cxd4 Bd5 15. Qc2 Bxf3 16. Bxf3 Nxd4 17. Qc3 Bf6 18. Qc4 Nxf3+ 19. gxf3 c6
20. Nxf5 Qc7 21. Kh1 Rg8 22. Ng3 Rg6 23. Rg1 Rag8 24. Qe4 Be5 25. Rae1 f6
26. Qc4 c5 27. f4 Bd4 28. f5 R6g7 29. Nh5 Qc6+ 30. f3 Qxf3+
{White forfeits on time}
0-1

[Event "ICCopen2017"]
[Site "Internet Chess Club"]
[Date "2017.04.02"]
[Round "10"]
[White "Alinochka199217"]
[Black "Kiketf"]
[Result "1-0"]
[ICCResult "Black checkmated"]
[WhiteElo "2536"]
[BlackElo "2227"]
[Opening "Benkö gambit accepted"]
[ECO "A58"]
[NIC "BI.41"]
[Time "20:55:16"]
[TimeControl "180+0"]

1. d4 Nf6 2. c4 c5 3. d5 b5 4. cxb5 a6 5. bxa6 g6 6. Nc3 Bxa6 7. Nf3 d6 8.
e4 Bxf1 9. Kxf1 Nbd7 10. g3 Bg7 11. Kg2 O-O 12. a4 Nb6 13. Qe2 Nfd7 14. Bd2
Qc8 15. a5 Qb7 16. axb6 Qxb6 17. Qb5 Qxb5 18. Nxb5 Bxb2 19. Rab1 Bf6 20. Bc3
Rfb8 21. Bxf6 Nxf6 22. Rhe1 Ra5 23. Nc3 Rxb1 24. Rxb1 Ra3 25. Rc1 Nd7 26. e5
dxe5 27. Ne4 Ra5 28. Nfd2 h6 29. h4 f5 30. Nc3 e4 31. Nc4 Ra7 32. Rb1 Kf7
33. Rb5 Rc7 34. Na4 Kf6 35. Nab6 Ne5 36. d6 exd6 37. Nd5+ Kg7 38. Nxe5 Ra7
39. Nc4 Ra6 40. Rb7+ Kf8 41. Rb6 Ra4 42. Nxd6 Rd4 43. Nf4 Ke7 44. Nxg6+ Kd7
45. Nxf5 Ra4 46. Ne5+ Kc7 47. Rc6+ Kb7 48. Rxc5 h5 49. Ne3 Kb6 50. Rc4 Ra1
51. Rxe4 Kc7 52. g4 Kd6 53. gxh5 Ra8 54. N5g4 Rg8 55. h6 Rh8 56. Rf4 Ke7 57.
h5 Ke6 58. Rf5 Rg8 59. Kg3 Rh8 60. Rg5 Rf8 61. Rg7 Rh8 62. h7 Kd6 63. h6 Ke6
64. f4 Kd6 65. Ne5 Ke6 66. Ng6 Rc8 67. f5+ Kd6 68. Rg8 Rc3 69. Kf3 Rc5 70.
h8=Q Kc7 71. Qd4 Kb6 72. Qxc5+ Ka6 73. Ra8+ Kb7 74. Ra7+ Kb8 75. Qc7#
{Black checkmated}
1-0

[Event "ICCopen2017"]
[Site "Internet Chess Club"]
[Date "2017.04.02"]
[Round "10"]
[White "arshavin2015"]
[Black "chess-caleb"]
[Result "1/2-1/2"]
[ICCResult "Game drawn because neither player has mating material"]
[WhiteElo "1966"]
[BlackElo "1778"]
[Opening "Vienna: Paulsen variation"]
[ECO "C25"]
[NIC "VG.04"]
[Time "20:55:39"]
[TimeControl "180+0"]

1. e4 e5 2. Nc3 Nc6 3. g3 Nf6 4. Bg2 d6 5. d3 Be7 6. Nge2 O-O 7. O-O Re8 8.
h3 Bf8 9. f4 Be6 10. f5 Bc8 11. g4 g6 12. g5 Nd7 13. Ng3 Nb6 14. h4 Bg7 15.
a4 d5 16. exd5 Nb4 17. fxg6 fxg6 18. a5 N6xd5 19. Nxd5 Nxd5 20. Qf3 Be6 21.
Ne4 Rf8 22. Qg3 Qe7 23. Bd2 c6 24. a6 b6 25. c4 Nf4 26. Bxf4 Rxf4 27. Rxf4
exf4 28. Qxf4 Bxb2 29. Rf1 Rf8 30. Nf6+ Bxf6 31. gxf6 Qc5+ 32. Kh1 Qf5 33.
Qxf5 Bxf5 34. Bxc6 Rxf6 35. Bd5+ Kf8 36. Kg1 Ke7 37. Re1+ Kd6 38. d4 Rf8 39.
Kg2 Bd7 40. Kg3 Re8 41. Rxe8 Bxe8 42. Kf4 Bd7 43. Kg5 b5 44. Bg8 bxc4 45.
Bxc4 Ke7 46. Kh6 Kf6 47. Kxh7 Kf5 48. Bd3+ Kg4 49. Bxg6 Kxh4 50. Kg7 Kg4 51.
Kf6 Bb5 52. Bf5+ Kf4 53. Bc8 Ke4 54. Ke7 Kxd4 55. Kd6 Kc4 56. Kc7 Bxa6 57.
Bxa6+ Kd4 58. Kb8 Kc5 59. Kxa7
{Game drawn because neither player has mating material}
1/2-1/2

[Event "ICCopen2017"]
[Site "Internet Chess Club"]
[Date "2017.04.02"]
[Round "10"]
[White "FGM21"]
[Black "Svinotigr"]
[Result "0-1"]
[ICCResult "White forfeits on time"]
[WhiteElo "1895"]
[BlackElo "1809"]
[Opening "King's pawn opening"]
[ECO "B07"]
[NIC "VO.17"]
[Time "20:55:09"]
[TimeControl "180+0"]

1. e4 d6 2. d4 Nd7 3. Nc3 e5 4. Nf3 g6 5. Bc4 Bg7 6. dxe5 dxe5 7. Qd5 Qe7 8.
Bg5 Ngf6 9. Qd2 c6 10. O-O-O O-O 11. h4 h5 12. g4 Qb4 13. Be2 Nxg4 14. Rdf1
Ndf6 15. a3 Qa5 16. Nh2 b5 17. Nxg4 Nxg4 18. f3 Nf6 19. Rfg1 b4 20. Na2 Ba6
21. Bxa6 Qxa6 22. Nxb4 Qb5 23. Bh6 c5 24. Nd3 c4 25. Nb4 a5 26. Nd5 Rab8 27.
Nxf6+ Bxf6 28. Bxf8 Qxb2+ 29. Kd1 Rxf8 30. Ke2 Rd8 31. Qc1 Qb6 32. Rd1 Re8
33. Rd5 Qe6 34. Qe3 Qe7 35. Qc5 Qb7 36. Qb5 Qe7 37. Rhd1 Bxh4 38. Rd7 Qg5
39. Rxf7 Qg2+ 40. Ke3 Bg5+ {White forfeits on time} 0-1

[Event "ICCopen2017"]
[Site "Internet Chess Club"]
[Date "2017.04.02"]
[Round "10"]
[White "Balderdash"]
[Black "PaulieChessnut"]
[Result "0-1"]
[ICCResult "White checkmated"]
[WhiteElo "1118"]
[BlackElo "1368"]
[Opening "Sicilian defense"]
[ECO "B40"]
[NIC "SI.43"]
[Time "20:56:16"]
[TimeControl "180+0"]

1. e4 c5 2. Nf3 e6 3. Bc4 d5 4. exd5 exd5 5. Bb5+ Nc6 6. d4 c4 7. Nc3 Bb4 8.
Bd2 Ne7 9. O-O O-O 10. a3 Bd6 11. Qc1 a6 12. Bxc6 bxc6 13. Ne5 Ng6 14. f4
Qc7 15. f5 Nxe5 16. dxe5 Bxe5 17. Ne2 Bxh2+ 18. Kh1 Be5 19. Bf4 f6 20. Bxe5
fxe5 21. Qg5 Rf6 22. g4 Rh6+ 23. Kg2 Bb7 24. Rh1 Rf6 25. Qh4 h6 26. Raf1 d4
27. g5 c5+ 28. Kf2 Rd6 29. g6 Bxh1 30. Rxh1 Rad8 31. Ng3 Rf6 32. Nh5 Rxf5+
33. Ke2 Rdf8 34. Rh2 Qc6 35. Ng3 Qf3+ 36. Ke1 Rg5 37. Ne4 Rg1+ 38. Kd2 Rd1#
{White checkmated}
0-1

[Event "ICCopen2017"]
[Site "Internet Chess Club"]
[Date "2017.04.02"]
[Round "10"]
[White "BoldPlan"]
[Black "refid"]
[Result "0-1"]
[ICCResult "White checkmated"]
[WhiteElo "1867"]
[BlackElo "1886"]
[Opening "Giuoco Pianissimo"]
[ECO "C50"]
[NIC "IG.02"]
[Time "20:55:21"]
[TimeControl "180+0"]

1. e4 e5 2. Nf3 Nc6 3. Bc4 Bc5 4. d3 Nf6 5. c3 d6 6. Bb3 Bb6 7. h3 h6 8.
Nbd2 O-O 9. Nf1 Ne7 10. Be3 Ng6 11. Bxb6 axb6 12. g3 Be6 13. Ne3 Re8 14. Nf5
Qd7 15. g4 Nf4 16. Qd2 Kh7 17. Bxe6 fxe6 18. Ne3 Rf8 19. h4 Qb5 20. c4 Qd7
21. O-O c5 22. Kh2 Ng8 23. Rg1 Ne7 24. g5 h5 25. Rg3 g6 26. b3 Nc6 27. Nc2
Nd4 28. Ncxd4 exd4 29. a4 e5 30. Ng1 Rf7 31. Rf1 Raf8 32. f3 Ne6 33. Nh3 Nd8
34. Rg2 Ne6 35. Rgf2 Nf4 36. Nxf4 Rxf4 37. Kg3 R8f7 38. a5 bxa5 39. Qxa5 Rf8
40. Qd2 R8f7 41. b4 b6 42. bxc5 bxc5 43. Rb1 Rg4+ 44. Kh2 Rxh4+ 45. Kg1 Qh3
46. Rg2 Qh1+ 47. Kf2 Qxb1 48. Rg1 Qb7 49. Qa5 Rhf4 50. Rg3 Qb2+ 51. Kg1 Rxf3
52. Rxf3 Rxf3 53. Qc7+ Kg8 54. Qc8+ Rf8 55. Qe6+ Kg7 56. Qxd6 Qc1+ 57. Kg2
Qd2+ 58. Kh3 Qe3+ 59. Kh2 Rf2+ 60. Kg1 Qe1# {White checkmated} 0-1

[Event "ICCopen2017"]
[Site "Internet Chess Club"]
[Date "2017.04.02"]
[Round "10"]
[White "trianon"]
[Black "BenkoChess"]
[Result "0-1"]
[ICCResult "White forfeits on time"]
[WhiteElo "1995"]
[BlackElo "1860"]
[Opening "QGD: exchange, Sämisch variation"]
[ECO "D37"]
[NIC "QP.09"]
[Time "20:55:15"]
[TimeControl "180+0"]

1. Nf3 d5 2. d4 Nf6 3. c4 e6 4. Nc3 Nbd7 5. cxd5 exd5 6. Bf4 c6 7. Qc2 Bb4
8. e3 Ne4 9. Bd3 Ndf6 10. O-O Nxc3 11. bxc3 Bd6 12. Bxd6 Qxd6 13. c4 dxc4
14. Bxc4 O-O 15. Rab1 b6 16. a4 c5 17. dxc5 Qxc5 18. Rfc1 Bf5 19. Bd3 Qxc2
20. Bxc2 Bxc2 21. Rxc2 Rfc8 22. Rbc1 Rxc2 23. Rxc2 Kf8 24. Kf1 Rd8 25. Rc7
Rd7 26. Rc8+ Ke7 27. Ne5 Rd5 28. Nc6+ Kd7 29. Nxa7 Ra5 30. Rf8 Rxa4 31.
Rxf7+ Ke6 32. Rxg7 Ne4 33. f3 Ra1+ 34. Ke2 Ra2+ 35. Kd3 Nf6 36. Nb5 Rb2 37.
Nd4+ Kd6 38. h4 h5 39. g4 hxg4 40. fxg4 Rh2 41. h5 Nd5 42. Nf5+ Ke5 43. h6
Rh3 44. h7 Nf4+ 45. Kc4 Ne6 46. Re7 Rh1 47. Nd4 Rc1+ 48. Kb3 Kd5 49. Rxe6
Rb1+ 50. Kc2 Rh1 51. Rxb6 Rh2+ 52. Kd3 Rxh7 53. e4+ Ke5 54. Rb5+ Kf4 55.
Rf5+ Kg3 56. Rf1 Kg2 {White forfeits on time} 0-1

[Event "ICCopen2017"]
[Site "Internet Chess Club"]
[Date "2017.04.02"]
[Round "10"]
[White "Baltimora"]
[Black "MrBoris"]
[Result "1-0"]
[ICCResult "Black forfeits on time"]
[WhiteElo "2209"]
[BlackElo "2078"]
[Opening "QGD: Cambridge Springs defense, Bogolyubov variation"]
[ECO "D52"]
[NIC "QO.15"]
[Time "20:55:10"]
[TimeControl "180+0"]

1. d4 d5 2. c4 c6 3. Nf3 Nf6 4. Nc3 e6 5. Bg5 Nbd7 6. e3 Qa5 7. Nd2 Bb4 8.
Qc2 c5 9. Be2 cxd4 10. exd4 dxc4 11. Bxf6 Nxf6 12. Nxc4 Bxc3+ 13. bxc3 Qc7
14. O-O O-O 15. Qb3 b6 16. Bf3 Rb8 17. Ne5 Ba6 18. c4 Bb7 19. Rac1 Rfd8 20.
Rfd1 Bxf3 21. Qxf3 Rbc8 22. h3 a6 23. a4 h6 24. g3 Rd6 25. c5 bxc5 26. Rxc5
Qd8 27. Rdc1 Rxc5 28. dxc5 Rd5 29. Qe3 Qc7 30. f4 Nd7 31. Nxd7 Rxd7 32. c6
Rd6 33. Qc5 h5 34. h4 Rd5 35. Qe3 e5 36. Qe4 Ra5 37. Kh1 exf4 38. Qxf4 Re5
39. Qd4 Re6 40. Qc3 Rg6 41. Kh2 Rg4 42. Kh3 Rxa4 43. Re1 Rg4 44. Re8+ Kh7
45. Re5 g6 46. Qc5 Qd8 47. Rxh5+ Kg7 48. Rd5 Qc8 49. Rd7 Re4 50. Qd5 Re6 51.
c7 Re7 52. Qd4+ f6 53. h5 Rxd7 54. h6+ Kh7 55. Kg2 Rxc7 56. Qd6 Rc2+ 57. Kf1
Qc3 58. Qe7+ Kxh6 59. Qf8+ {Black forfeits on time} 1-0

[Event "ICCopen2017"]
[Site "Internet Chess Club"]
[Date "2017.04.02"]
[Round "10"]
[White "vbtry3"]
[Black "matnik"]
[Result "1-0"]
[ICCResult "Black forfeits on time"]
[WhiteElo "1701"]
[BlackElo "1561"]
[Opening "Sicilian"]
[ECO "B50"]
[NIC "SI.01"]
[Time "20:56:31"]
[TimeControl "180+0"]

1. e4 c5 2. Nf3 d6 3. c3 Nf6 4. Bc4 e6 5. d3 d5 6. Bb5+ Nc6 7. e5 Nd7 8. d4
a6 9. Bd3 cxd4 10. cxd4 Qb6 11. Be2 Bb4+ 12. Nc3 O-O 13. O-O Re8 14. Be3 Ne7
15. Bd3 Ng6 16. Ng5 Ndf8 17. Qh5 Be7 18. Rab1 Qd8 19. h4 b5 20. a3 h6 21.
Nf3 Bd7 22. b4 Rc8 23. Rfc1 Qb6 24. Qg4 Kh7 25. h5 f6 26. hxg6+ Kg8 27. exf6
Bxf6 28. Ne5 Bxe5 29. dxe5 {Black forfeits on time} 1-0

[Event "ICCopen2017"]
[Site "Internet Chess Club"]
[Date "2017.04.02"]
[Round "10"]
[White "mika53"]
[Black "hecan58"]
[Result "0-1"]
[ICCResult "White checkmated"]
[WhiteElo "1933"]
[BlackElo "1831"]
[Opening "Scandinavian defense"]
[ECO "B01"]
[NIC "SD.03"]
[Time "20:55:18"]
[TimeControl "180+0"]

1. e4 d5 2. exd5 Nf6 3. Nc3 Nxd5 4. Bc4 Nb6 5. Bb3 c5 6. d3 Bf5 7. Qf3 Qd7
8. Bxf7+ Kxf7 9. g4 g6 10. gxf5 Qxf5 11. Qxb7 N8d7 12. Qf3 Bg7 13. Bd2 Rhf8
14. O-O-O Kg8 15. Qxf5 Rxf5 16. f4 e5 17. Nge2 Raf8 18. fxe5 Nxe5 19. Ne4 c4
20. N2g3 Rf3 21. d4 Ng4 22. c3 Nd5 23. Rde1 Nge3 24. Re2 Bh6 25. h4 Bf4 26.
Rg1 Kh8 27. h5 g5 28. a3 h6 29. Bxe3 Bxe3+ 30. Kc2 Bxg1 31. Nd6 Nf4 32. Re1
Rxg3 33. Nxc4 Rg2+ 34. Kb3 Rb8+ 35. Ka4 Nd3 36. Rb1 Nxb2+ 37. Nxb2 Rgxb2 38.
Rxg1 R2b6 39. Ka5 Rb3 40. Ka4 Rxc3 41. Rd1 Rc4+ 42. Ka5 Rc3 43. Ka4 Rc6 44.
Ka5 g4 45. d5 Rd6 46. Rd4 g3 47. Rg4 Rxd5+ 48. Ka6 Rg5 49. Rxg5 hxg5 50.
Kxa7 Rb3 51. a4 Ra3 52. a5 Rxa5+ 53. Kb6 Ra4 54. Kb5 Rh4 55. Kc5 Rxh5 56.
Kd6 g2 57. Ke6 g1=Q 58. Kf6 Qf2+ 59. Kg6 Rh6+ 60. Kxh6 Qf6+ 61. Kh5 Qf5 62.
Kh6 Kg8 63. Kh5 Kf7 64. Kh6 Qg6# {White checkmated} 0-1

[Event "ICCopen2017"]
[Site "Internet Chess Club"]
[Date "2017.04.02"]
[Round "10"]
[White "aravind6904"]
[Black "Eliezer"]
[Result "0-1"]
[ICCResult "White checkmated"]
[WhiteElo "1438"]
[BlackElo "1554"]
[Opening "Four knights: Spanish variation"]
[ECO "C48"]
[NIC "KP.03"]
[Time "20:56:14"]
[TimeControl "180+0"]

1. e4 e5 2. Nf3 Nc6 3. Nc3 Nf6 4. Bb5 d6 5. O-O Bd7 6. d4 Nxd4 7. Bxd7+ Nxd7
8. Nxd4 exd4 9. Qxd4 Qf6 10. Be3 Qxd4 11. Bxd4 f6 12. f3 Be7 13. Kh1 O-O-O
14. a4 Kb8 15. b4 Ne5 16. Bxe5 dxe5 17. Nd5 Bd6 18. c4 c6 19. Ne3 Bxb4 20.
Rab1 Bc5 21. Nf5 g6 22. Ng3 Kc7 23. Rfc1 Rd2 24. Nf1 Ra2 25. Ra1 Rxa1 26.
Rxa1 Rd8 27. Rc1 a5 28. h3 b6 29. Kh2 Rd3 30. Ra1 Rc3 31. Nd2 Rc2 32. Nb3
Rxc4 33. Nxc5 Rxc5 34. Kg3 Rc2 35. Kh2 Rb2 36. Kg1 b5 37. axb5 Rxb5 38. Kf2
Kb6 39. Ke3 Rb3+ 40. Kf2 Kb5 41. Kg3 c5 42. Kf2 a4 43. Ke2 c4 44. Kd2 Kb4
45. Kc2 a3 46. Rg1 Rb2+ 47. Kc1 Kb3 48. Re1 c3 49. Re3 Rxg2 50. Kd1 a2 51.
Rxc3+ Kxc3 52. Ke1 a1=Q# {White checkmated} 0-1

[Event "ICCopen2017"]
[Site "Internet Chess Club"]
[Date "2017.04.02"]
[Round "10"]
[White "Strider25"]
[Black "kabindra"]
[Result "0-1"]
[ICCResult "White resigns"]
[WhiteElo "1749"]
[BlackElo "1645"]
[Opening "Bird: From gambit"]
[ECO "A02"]
[NIC "VO.07"]
[Time "20:56:10"]
[TimeControl "180+0"]

1. f4 e5 2. fxe5 d6 3. exd6 Bxd6 4. Nf3 Bg4 5. g3 Qd7 6. Bg2 Bh3 7. O-O Bxg2
8. Kxg2 Nc6 9. d3 O-O-O 10. c3 Nf6 11. Qc2 Qf5 12. e4 Qh5 13. Na3 Ng4 14. h3
Nge5 15. Nxe5 Nxe5 16. Qf2 Nxd3 17. Qf3 Qxf3+ 18. Rxf3 Ne1+ 19. Kf2 Nxf3 20.
Kxf3 g6 21. Nc4 f5 22. e5 Bc5 23. a4 Rd3+ 24. Kg2 Rhd8 25. Bf4 Rd1 26. Ra2
Be7 27. b4 g5 28. Be3 Kb8 29. Bd4 f4 30. gxf4 gxf4 31. Kf3 Rf1+ 32. Ke4 f3
33. Ne3 Rh1 34. Kxf3 Rxh3+ 35. Ke4 Rh4+ 36. Kf3 Bg5 37. Ng2 Rh3+ 38. Kg4 Rh2
39. Kg3 Rh6 40. Rf2 Rg6 41. Kh2 Rh6+ 42. Kg1 Bh4 43. Re2 Rg8 44. Kf1 Bg3 45.
e6 Rh1+ 46. Bg1 Rf8+ 47. Rf2 Bxf2 48. e7 Rxg1+ 49. Ke2 Re8 50. Kxf2 Rc1
{White resigns}
0-1